cohdb
Replays
Latest Replays
All Replays
Popular Replays
Top Player Replays
Match Explorer
How It Works
Community
CoH3 Stats
Reddit
Sign in to upload your games and track your stats! →
Sign in with Steam
Match 39478855
Unlisted
Match 39478855
Overview
Messages
Build Orders
End
250 Light Carrier
Selects Panzerjäger Kommand Battlegroup
Selects Blockade Equipment
Panzergrenadier Squad
Construct Light Support Kompanie
Panzerjäger Squad
2.5-tonne Medical Truck
Selects Tank Busters
Panzerjäger Squad
Fire Support Elements
Veteran Squad Leaders
Panzerjäger Mechanized Group
Construct Panzerarmee Kommand
Selects Defensive Positions
Panzerjäger Squad
Walking Stuka Rocket Launcher
Selects Butterfly Bomb Drop
Armored Reserves
Panzerjäger Squad
Butterfly Bomb Drop
Selects Crew Shock Tactics
Emergency Repair Kits
Vehicle Survival Package
Tiger Heavy Tank
Rapid Advance
Construct Mechanized Kompanie
Crew Shock Tactics
Butterfly Bomb Drop
254 Reconnaissance Tractor
Butterfly Bomb Drop
Selects Elefant Tank Destroyer
Panzerjäger Squad
Flakvierling Half-track
Panzerjäger Squad
2.5-tonne Medical Truck
Panzerjäger Squad
Crew Shock Tactics
Officer
『👑MayMaya23💕』
Dickson
Nong Job
Kanade
CombatRoad
filakim
陈浩南
0
0
Comments
sign in to comment!
No comments posted yet!